 Dungeon Crawl Stone Soup version 0.26-a0-651-gb41185065b (webtiles) character file.

Game seed: 8216575958696223716

38 Lanoc the Chopper (level 3, -2/32 HPs)
             Began as a Palentonga Gladiator on Oct 19, 2020.
             Slain by Blork the orc
             ... wielding a +0 glaive
              (12 damage)
             ... on level 4 of the Dungeon.
             The game lasted 00:02:18 (1357 turns).

Lanoc the Chopper (Palentonga Gladiator)            Turns: 1357, Time: 00:02:19

Health: -2/32      AC:  6    Str: 17    XL:     3   Next: 25%
Magic:  3/3        EV: 10    Int:  8    God:
Gold:   80         SH:  0    Dex: 12    Spells: 2/2 levels left

rFire    + . .     SeeInvis +   a - +0 war axe
rCold    + . .     Faith    .   (no shield)
rNeg     . . .     Spirit   .   b - +0 leather armour
rPois    +         Reflect  .   k - +1 helmet
rElec    +         Harm     .   (no cloak)
rCorr    +         Rampage  .   (no gloves)
MR       .....                  (no barding)
Stlth    +.........             (no amulet)
HPRegen  0.10/turn              (no ring)
MPRegen  0.08/turn              (no ring)

@: resistant, stab, flying
A: large, rugged brown scales 3, see invisible, deformed body, roll, armoured
tail
a: Rolling Charge


You were on level 4 of the Dungeon.
You visited 1 branch of the dungeon, and saw 4 of its levels.

You collected 80 gold pieces.

Inventory:

Hand Weapons
 a - a +0 war axe (weapon)
Missiles
 d - 3 throwing nets (quivered)
Armour
 b - a +0 leather armour (worn)
 k - a +1 helmet (worn)
Wands
 c - a wand of flame (17)
Scrolls
 f - a scroll of magic mapping
 h - a scroll of identify {unknown}
 i - a scroll of fear {unknown}
 j - a scroll of remove curse {unknown}
 n - a scroll of teleportation {unknown}


   Skills:
 + Level 2.4 Fighting
 * Level 3.7 Axes
 - Level 1.3 Throwing
 + Level 2.7 Dodging


You had 2 spell levels left.
You didn't know any spells.
Your spell library was empty.

Dungeon Overview and Level Annotations

Branches:
Dungeon (4/15)
 Temple: D:4-7

Altars:
Elyvilon
Wu Jian

Portals:
Ossuary: D:4

Annotations:
D:4 Blork the orc


Innate Abilities, Weirdness & Mutations

You are completely covered in rugged brown scales. (AC +3, +7% HP)
You have supernaturally acute eyesight. (SInv)
Armour fits poorly on your strangely shaped body.
You can roll at foes to attack.
You have a long armoured tail.


Message History

Blork the orc closely misses you. The worker ant bites you.
The worker ant closely misses you.
You feel better.
Blork the orc hits you from afar with a +0 glaive.
The worker ant closely misses you. The worker ant barely misses you.
The worker ant closely misses you.
Found 25 sling bullets.
The worker ant bites you but does no damage.
You hit the worker ant.
The worker ant is lightly wounded.
You completely miss the worker ant. The worker ant bites you.
The worker ant completely misses you. Blork the orc barely misses you.
The worker ant barely misses you.
The worker ant waves its antennae.
The worker ant barely misses you.
You hit the worker ant but do no damage.
The worker ant is lightly wounded.
You closely miss the worker ant.
Blork the orc hits you from afar with a +0 glaive!
You die...

*,,,,,,*,,,,,,,,,,,,*,,,
*..,,,***,,,.*,,,*,,,,,,
**,..,**,**,.#***,,,,,,,,
*,,..###+###.,***,...,,,,
*,,,#.......*,,,*.....,,,
**,,**#?.(..###,,#.....,,,
**,,**,*#...*#∩#*,.....^.,,
**,,###+###.###'###...##.#,,
*,,,..?....@aoM..........,,*
****.####...a###.......#a***
*,* #..#####...#...#.###
*,***#..#...........#..#.
*,,,...##.#####.o.#.##...
*****#...,,,* #...#$##.<.
*,,,.....,*** ##...#.##...
*,,,.....,*****#.......a...
*,,,,<,,,,,,.[...####..##..


You could see Blork the orc (fast, invisible), a mummy and 2 worker ants.

Vanquished Creatures
  An adder (D:3)
  A worm (D:3)
  A dart slug (D:1)
  A leopard gecko (D:2)
  2 orcs (D:3)
  2 hobgoblins
  3 jackals (D:2)
  A kobold (D:3)
  2 quokkas (D:3)
  5 bats
  A frilled lizard (D:3)
  2 rats (D:3)
22 creatures vanquished.

Notes
Turn   | Place    | Note
-------+----------+-------------------------------------------
     0 | D:1      | Lanoc the Palentonga Gladiator began the quest for the Orb.
     0 | D:1      | Reached XP level 1. HP: 18/18 MP: 1/1
   251 | D:2      | Reached XP level 2. HP: 20/25 MP: 2/2
   395 | D:3      | Found an ornate altar of the Wu Jian Council.
   508 | D:3      | Reached XP level 3. HP: 32/32 MP: 3/3
   766 | D:3      | Found a white marble altar of Elyvilon.
  1327 | D:4      | Noticed Blork the orc
  1341 | D:4      | Found a sand-covered staircase.
  1357 | D:4      | Slain by Blork the orc

Illustrated notes

Levels and vault maps discovered:
D:1:      eino_arrival_water_star, layout_loops_ring
D:2:      layout_basic, okawaru_metal_pillars_1_2, chequers_mini_garden
D:3:      layout_loops_corners, lemuel_doored_altar, overflow_temple_1_default
D:4:      layout_rooms, nicolae_ossuary_entry_giza, minmay_misc_feat_rows,
          chequers_garden, uniq_blork_the_orc

Action                   || total
-------------------------++-------
Melee: War axe           ||    78
       Tailslap          ||     5
 Abil: Rolling Charge    ||    12
  Use: Potion            ||     6
       Scroll            ||     1
 Stab: Distracted        ||     1
Armor: Leather armour    ||    31
Dodge: Dodged            ||    67

Table legend: (Time is in decaauts)
 A = Elapsed time spent in this place.
 B = Non-inter-level travel time spent in this place.
 C = Inter-level travel time spent in this place.
 D = Time resting spent in this place.
 E = Time spent auto-exploring this place.
 F = Levels seen in this place.
 G = Mean time per level.
                   A        B        C        D        E       F      G
               +--------+--------+--------+--------+--------+-----+--------+
         Total |   1382 |   1321 |     61 |      0 |   1106 |   4 |  345.5 |
       Dungeon |   1382 |   1321 |     61 |      0 |   1106 |   4 |  345.5 |
               +--------+--------+--------+--------+--------+-----+--------+

Top non-repeatable levels by time:
     D:3: 961 daAuts
     D:2: 243 daAuts
     D:1: 146 daAuts
     D:4: 31 daAuts
